 Dungeon Crawl Stone Soup version 0.31-a0-210-gccc998df9b (webtiles) character file.

Game seed: 18407096768593188237

118790 freelancePsychic the Warrior (level 16, -2/113 HPs)
             Began as a Gargoyle Enchanter on June 29, 2023.
             Was a High Priest of Trog.
             Slain by a two-headed ogre
             ... wielding a +0 giant club
              (5 damage)
             ... on level 1 of the Orcish Mines.
             The game lasted 00:42:42 (29449 turns).

freelancePsychic the Warrior (Gargoyle Enchanter)  Turns: 29449, Time: 00:42:43

Health: -2/113     AC: 39    Str: 19    XL:     16   Next: 77%
Magic:  6/6        EV: 12    Int: 17    God:    Trog [*****.]
Gold:   2226       SH: 10    Dex: 10    Spells: 19/19 levels left

rFire   . . .        P - +6 eveningstar (antimagic)
rCold   . . .        s - +0 kite shield
rNeg    + . .        a - +6 scale mail of the Fiddle {Slay+6}
rPois   ∞            G - +2 helmet
rElec   +            b - +0 cloak
rCorr   .            F - +2 pair of gloves
SInv    .            d - +2 pair of boots
Will    ++...        y - amulet of the acrobat
Stlth   ++           l - ring of willpower
HPRegen 0.38/turn    (no ring)
MPRegen 0.10/turn

%: acrobat
@: flying, studying Dodging
A: sickness immunity, AC +12, big wings, negative energy resistance 1,
electricity resistance, torment resistance 1, petrification resistance
a: Renounce Religion, Berserk, Trog's Hand, Brothers in Arms


You were on level 1 of the Orcish Mines.
You worshipped Trog.
Trog was extremely pleased with you.
You visited 3 branches of the dungeon, and saw 22 of its levels.
You also visited: Sewer, Ossuary, Bailey and Volcano.

You collected 2594 gold pieces.
You spent 368 gold pieces at shops.

Inventory:

Hand Weapons
 w - a +2 heavy great mace
 z - a +2 dagger of draining
 K - the +9 war axe "Xakkaill" {heavy, Drain Dex+3 SInv}
   (You found it on level 9 of the Dungeon)

   Dex:       It affects your dexterity (+3).
   SInv:      It lets you see invisible.
   Drain:     It drains your maximum health when unequipped.
 P - a +6 antimagic eveningstar (weapon)
Armour
 a - the +6 scale mail of the Fiddle (worn) {Slay+6}
   (You found it on level 12 of the Dungeon)

   Slay:      It affects your accuracy & damage with ranged weapons and melee
   (+6).
 b - a +0 cloak (worn)
 d - a +2 pair of boots (worn)
 s - a +0 kite shield (worn)
 t - the +5 crystal plate armour of Oblivion {-Cast rPois Str+3}
   (You took it off an orc in a bailey)

   Str:       It affects your strength (+3).
   rPois:     It protects you from poison.
   -Cast:     It prevents spellcasting.
 x - a +0 chain mail of fire resistance
 F - a +2 pair of gloves (worn)
 G - a +2 helmet (worn)
Jewellery
 l - a ring of willpower (left hand)
 y - an amulet of the acrobat (around neck)
 Q - a ring of flight
 Z - a ring of positive energy
Wands
 C - a wand of charming (50)
 I - a wand of flame (51)
 J - a wand of digging (9)
 L - a wand of polymorph (7)
 S - a wand of quicksilver (9)
 U - a wand of iceblast (4)
 V - a wand of mindburst (8)
Scrolls
 e - 3 scrolls of fog
 i - 2 scrolls of immolation
 j - 12 scrolls of teleportation {@r4}
 p - 4 scrolls of amnesia
 B - 6 scrolls of noise
 E - a scroll of revelation
 N - 3 scrolls of blinking
 O - a scroll of butterflies
 W - a scroll of fear
 X - a scroll of silence {unknown}
Potions
 c - 6 potions of cancellation
 f - 10 potions of curing {@q1}
 g - 4 potions of degeneration
 h - 7 potions of lignification
 k - 7 potions of enlightenment
 n - 2 potions of magic
 o - 7 potions of heal wounds {@q2}
 q - 4 potions of haste {@q3}
 r - 3 potions of mutation
 u - 6 potions of brilliance
 v - 4 potions of resistance
 A - 4 potions of might
 D - 7 potions of ambrosia
 H - 2 potions of berserk rage
 R - 2 potions of attraction {unknown}
 Y - a potion of experience {unknown}
Miscellaneous
 m - a tin of tremorstones (inert)
 M - a phial of floods
 T - a lightning rod (4/4)


   Skills:
 - Level 17.6 Fighting
 - Level 1.8 Short Blades
 - Level 5.2(10.7) Axes
 - Level 15.6(16.0) Maces & Flails
 - Level 1.1 Ranged Weapons
 - Level 11.0 Armour
 + Level 10.4 Dodging
 - Level 7.0 Stealth
 + Level 9.7 Shields
 - Level 2.0 Spellcasting
 - Level 2.6 Hexes
 + Level 5.4 Evocations


You had 19 spell levels left.
You didn't know any spells.
Your spell library contained the following spells:

 Spells                   Type           Power      Damage    Failure   Level
 Ensorcelled Hibernation  Hex/Ice        12%        N/A       63%         2
 Confusing Touch          Hex            10%        N/A       67%         3
 Tukima's Dance           Hex            10%        N/A       67%         3
 Dazzling Flash           Conj/Hex       12%        N/A       85%         3


Dungeon Overview and Level Annotations

Branches:
Dungeon (15/15)            Temple (0/1) D:7            Lair (5/5) D:10
  Swamp (0/4) Lair:3       Spider (0/4) Lair:3        Slime (0/5) Lair:4
    Orc (2/2) D:9          Vaults (0/5) D:13         Depths (0/4) D:15
  Sewer (visited)         Ossuary (visited)          Bailey (visited)
Volcano (visited)
    Elf: Orc:2

Altars:
Hepliaklqana
Nemelex Xobeh
Okawaru
Sif Muna
Trog
Xom
Yredelemnul
Zin
The Shining One
Jiyva

Shops:
D:4 *   D:7 :   D:9 !   D:12 (

Annotations:
D:6 exclusion: downstairs
D:10 3 runed translucent doors
D:13 exclusion: oklob plant, Frances


Innate Abilities, Weirdness & Mutations

You are immune to sickness and miasma.
Your stone body is resilient. (AC +12)
You are immune to poison.
Your large and strong wings let you fly.
You resist negative energy. (rN+)
You are resistant to electric shocks. (rElec)
You are resistant to unholy torment.
You are immune to petrification.


Message History

You are too injured to fight recklessly!
You are too injured to fight recklessly!
You are too injured to fight recklessly!
You are too injured to fight recklessly!
You are too injured to fight recklessly!
You are too injured to fight recklessly!
You are too injured to fight recklessly!
You are too injured to fight recklessly!
You are too injured to fight recklessly!
You are too injured to fight recklessly!
You are too injured to fight recklessly!
You are too injured to fight recklessly!
You are too injured to fight recklessly!
You are too injured to fight recklessly!
You puncture the two-headed ogre!
The two-headed ogre is moderately wounded.
You bludgeon the two-headed ogre!!
The two-headed ogre is severely wounded.
The two-headed ogre hits you with a +0 giant club! x2
The two-headed ogre hits you with a +0 giant spiked club.
You block the two-headed ogre's attack. x2; The two-headed ogre misses you.
You sock the two-headed ogre!
The two-headed ogre is almost dead.
The two-headed ogre misses you.
The two-headed ogre hits you with a +0 giant club.
* * * LOW HITPOINT WARNING * * *
The two-headed ogre hits you but does no damage. x2
You block the two-headed ogre's attack.
The two-headed ogre hits you with a +0 giant spiked club!
* * * LOW HITPOINT WARNING * * *
Things that are here:
a +0 giant club; a +0 giant spiked club You hit the two-headed ogre.
You kill the two-headed ogre!
Trog accepts your kill.
The two-headed ogre attacks as you move away!
The two-headed ogre hits you with a +0 giant club!
* * * LOW HITPOINT WARNING * * *
The two-headed ogre hits you with a +0 giant club.
You die...

##..........#.#...##
###..............#...##
.###..........#^#.....#
...#.........####.....## ###
............##.#.......#####.##
........................#.#...#
#.#..#.....................#.##
##....#..........)...........##
#....###........@O>......)..))#
#...#.#..........O....##..).)<#
##.#...#.#...........#..#.##.###
####.#..#...............#####.##
#................#[..##.##...#
##.......^.........[[#...##.##
###
##..........................#
#.##
###.##.................##.##
...# ######...........).#....###


You could see 2 two-headed ogres.

Vanquished Creatures
  Rupert (D:13)
  Gastronok (D:9)
  Kirke (D:15)
  A stone giant (D:15)
  Nessos (D:14)
  A red draconian (Volcano)
  6 hydras
  An ogre mage (D:13)
  5 catoblepae
  7 centaur warriors
  Erica (D:10)
  3 boulder beetles
  10 two-headed ogres
  5 tengu warriors
  17 death yaks
  3 skysharks
  A salamander mystic (Volcano)
  7 skeletal warriors
  A deep troll (D:14)
  A bog body (Lair:3)
  2 orc knights
  A lindwurm (Lair:5)
  2 wizards (D:14)
  2 deep elf pyromancers
  11 cyclopes
  6 salamanders (Volcano)
  A deep elf zephyrmancer (Orc:1)
  An orc sorcerer (D:15)
  7 manticores
  17 ugly things
  9 elephants
  2 torpor snails
  6 black mambas
  3 molten gargoyles (Volcano)
  A guardian serpent (shapeshifter) (D:8)
  13 cane toads
  4 gargoyles
  3 kobold demonologists
  Maggie (Lair:1)
  16 komodo dragons
  3 yaktaurs (D:13)
  2 efreet
  2 tengu conjurers
  2 centaur skeletons (D:13)
  A queen bee (Lair:3)
  4 polar bears
  3 meliai (D:11)
  3 trolls
  A hornet (D:8)
  Prince Ribbit (D:5)
  A jumping spider (Lair:3)
  11 dream sheep
  A blink frog (Lair:4)
  21 slime creatures
  3 centaur simulacra (D:10)
  2 vampires
  3 shadows
  2 wraiths
  53 yaks
  2 culicivoras (Lair:3)
  5 hogs (D:15)
  6 basilisks
  4 steam dragons
  8 wyverns
  2 fire elementals (Lair:2)
  2 unseen horror simulacra (D:10)
  13 vampire mosquitoes
  A warg (Orc:1)
  Edmund (D:4)
  5 acid dragons
  8 water moccasins
  18 orc warriors
  A sky beast (D:7)
  8 ice beasts
  3 black bears
  A swamp drake (Orc:1)
  6 wolves
  6 ogres
  2 boggarts
  6 centaurs
  A phantom (D:6)
  Blork the orc (Orc:1)
  7 kobold brigands
  A gnoll sergeant (D:9)
  12 bullfrogs
  4 scorpions
  4 wights (D:6)
  29 killer bees
  An electric eel (D:10)
  7 howler monkeys
  A crimson imp (Orc:1)
  4 hounds
  15 jellies
  An iron imp (Orc:1)
  12 orc priests
  7 iguanas
  20 orc wizards
  Natasha (thrice) (D:4)
  6 hell rats
  3 mummies (Ossuary)
  5 gnolls
  7 adders
  A river rat (Sewer)
  A shadow imp (Orc:1)
  9 white imps
  An ufetubus (D:7)
  3 adder skeletons (D:3)
  3 worms
  7 dart slugs
  62 orcs
  12 bats
  20 endoplasms
  12 giant cockroaches
  3 gnoll zombies (Ossuary)
  12 hobgoblins
  3 jackals (D:4)
  10 quokkas
  4 ball pythons
  A ball python skeleton (D:3)
  10 frilled lizards
  7 goblins
  2 goblin zombies (Ossuary)
  A hobgoblin zombie (Ossuary)
  3 jackal zombies (Ossuary)
  22 kobolds
  A kobold zombie (Ossuary)
  An orc zombie (Ossuary)
  9 rats
  A rat zombie (Ossuary)
781 creatures vanquished.

Vanquished Creatures (collateral kills)
  A centaur warrior (D:13)
  A yaktaur (D:13)
  2 ogres (D:13)
  A boggart skeleton (D:13)
5 creatures vanquished.

Vanquished Creatures (others)
  A cyclops (D:14)
  A centaur skeleton (D:13)
  An orc warrior (D:15)
  A hell rat (Lair:1)
  An orc wizard (D:7)
5 creatures vanquished.

Grand Total: 791 creatures vanquished

Notes
Turn   | Place    | Note
-------+----------+-------------------------------------------
     0 | D:1      | freelancePsychic the Gargoyle Enchanter began the quest for
                  | the Orb.
     0 | D:1      | Reached XP level 1. HP: 10/10 MP: 3/3
    33 | D:1      | Reached skill level 1 in Short Blades
   114 | D:1      | Reached XP level 2. HP: 15/15 MP: 5/5
   361 | D:1      | Reached skill level 1 in Ranged Weapons
   415 | D:1      | Found a faded altar of an unknown god.
   499 | D:1      | Prayed at the altar of an unknown god.
   499 | D:1      | Became a worshipper of Trog the Wrathful
   499 | D:1      | Reached * piety under Trog
   695 | D:2      | Reached XP level 3. HP: 20/20 MP: 6/6
   949 | D:2      | Reached skill level 1 in Fighting
  1232 | D:3      | Reached XP level 4. HP: 26/26 MP: 7/7
  1287 | D:3      | Reached skill level 2 in Fighting
  1289 | D:3      | Reached ** piety under Trog
  1307 | D:3      | Found a glowing drain.
  1387 | Sewer    | Entered a sewer
  1471 | Sewer    | Reached skill level 5 in Stealth
  1540 | Sewer    | Reached XP level 5. HP: 31/31 MP: 8/8
  1560 | Sewer    | Reached skill level 3 in Fighting
  1606 | Sewer    | Found a viscous altar of Jiyva.
  1750 | Sewer    | Reached XP level 6. HP: 38/38 MP: 9/9
  1974 | D:3      | Reached skill level 4 in Fighting
  2082 | D:3      | Noticed an ice beast
  2108 | D:3      | Killed an ice beast
  2388 | D:4      | Noticed Natasha
  2462 | D:4      | Killed Natasha
  2463 | D:4      | Reached XP level 7. HP: 34/44 MP: 10/10
  2491 | D:4      | Reached *** piety under Trog
  2506 | D:4      | Reached skill level 5 in Fighting
  2576 | D:4      | Found a sand-covered staircase.
  2584 | Ossuary  | Entered an ossuary
  3095 | D:4      | Noticed Edmund
  3102 | D:4      | Noticed Natasha
  3138 | D:4      | Killed Edmund
  3139 | D:4      | Reached skill level 6 in Fighting
  3163 | D:4      | Found Baxean's Overcharged Wands.
  3182 | D:4      | Killed Natasha
  3394 | D:4      | Reached skill level 7 in Fighting
  3394 | D:4      | Reached XP level 8. HP: 42/53 MP: 11/11
  3574 | D:4      | Noticed Natasha
  3648 | D:4      | Killed Natasha
  3691 | D:5      | Entered Level 5 of the Dungeon
  3966 | D:5      | Reached skill level 8 in Fighting
  3966 | D:5      | Reached skill level 1 in Maces & Flails
  4317 | D:5      | Reached **** piety under Trog
  4725 | D:6      | Noticed Prince Ribbit
  4744 | D:5      | Killed Prince Ribbit
  4745 | D:5      | Reached skill level 9 in Fighting
  4745 | D:5      | Reached XP level 9. HP: 60/60 MP: 12/12
  5244 | D:6      | Reached skill level 5 in Maces & Flails
  5458 | D:7      | Found a glowing silver altar of Zin.
  5458 | D:7      | Found a bloodstained altar of Trog.
  5482 | D:7      | HP: 1/62 [very large slime creature (20)]
  5867 | D:7      | Reached skill level 10 in Fighting
  5873 | D:7      | Found Ufinlo's Book Shop.
  6671 | D:7      | Found a staircase to the Ecumenical Temple.
  6750 | D:7      | Reached skill level 11 in Fighting
  6750 | D:7      | Reached XP level 10. HP: 51/69 MP: 13/13
  6863 | D:7      | Found a basalt altar of Yredelemnul.
  6865 | D:7      | Found a sparkling altar of Nemelex Xobeh.
  6866 | D:7      | Found a glowing golden altar of the Shining One.
  6867 | D:7      | Found a shimmering blue altar of Sif Muna.
  6868 | D:7      | Found a shimmering altar of Xom.
  6914 | D:8      | Noticed a two-headed ogre
  6952 | D:8      | Found a flagged portal.
  6961 | Bailey   | Entered a bailey
  7458 | Bailey   | Identified the +5 crystal plate armour of Oblivion {-Cast
                  | rPois Str+3}
  7659 | D:8      | Reached skill level 1 in Armour
  7667 | D:8      | Killed a two-headed ogre
  7673 | D:8      | Reached skill level 12 in Fighting
  8080 | D:8      | Reached XP level 11. HP: 62/76 MP: 14/14
  8240 | D:8      | Reached skill level 5 in Armour
  8475 | D:8      | Noticed a cyan ugly thing
  8488 | D:8      | Killed a cyan ugly thing
  9076 | D:9      | Found Winupes's Distillery.
  9114 | D:9      | Bought a potion of heal wounds for 80 gold pieces
  9114 | D:9      | Bought a potion of resistance for 160 gold pieces
  9114 | D:9      | Bought a potion of berserk rage for 80 gold pieces
  9114 | D:9      | Bought a potion of curing for 48 gold pieces
  9133 | D:9      | Identified the +9 war axe "Xakkaill" {heavy, Drain Dex+3
                  | SInv}
  9215 | D:9      | Reached skill level 13 in Fighting
  9257 | D:9      | Found a staircase to the Orcish Mines.
  9272 | D:9      | Reached skill level 1 in Axes
  9409 | D:9      | Noticed Gastronok
  9417 | D:9      | Killed Gastronok
  9866 | D:9      | Noticed a two-headed ogre
  9878 | D:9      | Killed a two-headed ogre
  9961 | D:10     | Entered Level 10 of the Dungeon
 10098 | D:10     | Found a staircase to the Lair.
 10099 | D:10     | Noticed a two-headed ogre
 10107 | D:10     | Killed a two-headed ogre
 10220 | D:10     | Noticed a two-headed ogre
 10227 | D:10     | Killed a two-headed ogre
 10228 | D:10     | Reached XP level 12. HP: 62/84 MP: 15/15
 10330 | D:10     | Noticed Erica
 10338 | D:10     | Killed Erica
 10339 | D:10     | Reached skill level 14 in Fighting
 10630 | D:10     | Reached ***** piety under Trog
 10785 | D:10     | Reached skill level 5 in Axes
 10961 | D:10     | Received a gift from Trog
 10983 | D:10     | Found a runed translucent door.
 10983 | D:10     | Noticed a two-headed ogre
 10984 | D:10     | Found a runed translucent door.
 10984 | D:10     | Noticed a tengu warrior
 10985 | D:10     | Found a runed translucent door.
 11689 | Lair:1   | Entered Level 1 of the Lair of Beasts
 11689 | Lair:1   | Noticed Maggie
 11708 | Lair:1   | HP: 3/71 [hell rat (8)]
 11952 | Lair:1   | Killed Maggie
 12274 | Lair:1   | Reached skill level 10 in Maces & Flails
 13499 | Lair:2   | Reached XP level 13. HP: 91/91 MP: 5/16
 13503 | Lair:2   | Reached skill level 15 in Fighting
 13779 | Lair:2   | Reached skill level 10 in Armour
 15406 | Lair:3   | Found a staircase to the Swamp.
 15646 | Lair:3   | Found a hole to the Spider Nest.
 15953 | Lair:4   | Received a gift from Trog
 15969 | Lair:4   | Found a dark tunnel.
 16025 | Volcano  | Entered a volcano
 16635 | Volcano  | Noticed a red draconian
 16656 | Volcano  | Killed a red draconian
 16657 | Volcano  | Reached skill level 16 in Fighting
 16669 | Volcano  | Noticed an orb of fire
 16688 | Volcano  | Gained mutation: Your large and strong wings let you fly.
                  | [Gargoyle growth]
 16688 | Volcano  | Reached XP level 14. HP: 83/100 MP: 5/17
 16798 | Volcano  | Noticed an orb of fire
 17712 | Lair:4   | Found a staircase to the Slime Pits.
 17715 | Lair:4   | Found a viscous altar of Jiyva.
 18307 | Lair:5   | Entered Level 5 of the Lair of Beasts
 18960 | Lair:5   | Reached skill level 15 in Maces & Flails
 19562 | Lair:5   | Reached skill level 17 in Fighting
 19596 | Lair:5   | Received a gift from Trog
 19749 | Lair:5   | Reached XP level 15. HP: 104/107 MP: 6/18
 20314 | Lair:5   | Reached skill level 5 in Dodging
 21261 | D:11     | Reached skill level 1 in Shields
 21863 | D:11     | Received a gift from Trog
 22065 | D:12     | Found Hadaomoc's Weapon Emporium.
 22251 | D:12     | Identified the +6 scale mail of the Fiddle {Slay+6}
 22894 | D:12     | Found a hazy altar of Hepliaklqana.
 23426 | D:13     | Noticed Rupert
 23433 | D:13     | Killed Rupert
 23670 | D:13     | Reached skill level 5 in Shields
 24208 | D:13     | Noticed Frances
 24637 | D:13     | Found a gate to the Vaults.
 25336 | D:14     | Noticed Nessos
 25623 | D:14     | Reached skill level 1 in Evocations
 25623 | D:14     | Reached XP level 16. HP: 91/113 MP: 6/19
 26047 | D:14     | You are sucked into a shaft and drop 1 floor!
 26047 | D:15     | Entered Level 15 of the Dungeon
 26448 | D:14     | Identified a scroll of acquirement
 26449 | D:14     | Acquired a manual of Dodging
 27016 | D:14     | Killed Nessos
 27369 | D:15     | Received a gift from Trog
 27701 | D:15     | Found an iron altar of Okawaru.
 27797 | D:15     | Noticed Kirke
 27881 | D:15     | Killed Kirke
 27888 | D:15     | Identified the +2 robe of Oxkegun {Contam rPois rCorr
                  | Int+4}
 27940 | D:15     | Found a staircase to the Depths.
 28370 | Orc:1    | Entered Level 1 of the Orcish Mines
 28539 | Orc:1    | Reached skill level 10 in Dodging
 28977 | Orc:1    | Reached skill level 5 in Evocations
 28995 | Orc:1    | Noticed Blork the orc
 29008 | Orc:1    | Killed Blork the orc
 29240 | Orc:2    | Entered Level 2 of the Orcish Mines
 29449 | Orc:1    | HP: 3/113 [two-headed ogre/+0 giant club (16)]
 29449 | Orc:1    | Slain by a two-headed ogre

Illustrated notes

Levels and vault maps discovered:
D:1:      dpeg_arrival_rooms_with_view, layout_rooms,
          shapermc_ecumenical_altar_mp_vishouse
D:2:      layout_rooms, hangedman_decor_clover_reticule
D:3:      layout_loops_cross, serial_undead, serial_undead_d, serial_undead_e,
          serial_undead_c, serial_undead_e, portal_sewer_entry_f,
          chequers_mini_garden, minmay_fractal_squares_gapless_5
D:4:      cheibrodos_helix_gallery, layout_basic, nicolae_ossuary_entry_ruins,
          chequers_garden, nicolae_shop_overcharged_wands, uniq_natasha,
          uniq_edmund
D:5:      layout_basic
D:6:      layout_rooms, uniq_prince_ribbit1
D:7:      layout_gridville, grunt_temple_overflow_open,
          minmay_temple_entry_enclosed_plants, serial_shops,
          kennysheep_mini_moat
D:8:      layout_basic, enter_bailey_8, minmay_shattered_shrine
D:9:      layout_rooms, minmay_orc_entry_temple_small, serial_shops,
          nicolae_shop_industrial_runoff, serial_aquarium,
          aquarium_bridge_square [aquarium_subvault_wall,
          aquarium_subvault_balcony, aquarium_subvault_bridge,
          aquarium_subvault_bridge], aquarium_bridge_square
          [aquarium_subvault_bridge, aquarium_subvault_wall,
          aquarium_subvault_bridge, aquarium_subvault_bridge],
          aquarium_window_corridor_1, aquarium_window_fake, aquarium_window_1,
          aquarium_window_1, aquarium_view_2c, aquarium_balcony_double_1,
          uniq_gastronok
D:10:     minmay_the_grid_triangle_9x9_rhombus_full
          [minmay_the_grid_triangle_9x9_empty,
          minmay_the_grid_triangle_9x9_minimal,
          minmay_the_grid_triangle_9x9_zippers_horizontal,
          minmay_the_grid_triangle_9x9_zippers_vertical,
          minmay_the_grid_triangle_9x9_impossible_snake,
          minmay_the_grid_triangle_9x9_fully_insulated_deathbox,
          minmay_the_grid_triangle_9x9_from_above,
          minmay_the_grid_triangle_9x9_prize_center], layout_gridville,
          serial_ice, serial_ice_h, serial_ice_l, serial_ice_c, serial_ice_m,
          serial_ice_n, serial_ice_b, uniq_erica
D:11:     layout_loops_ring
D:12:     layout_irregular_city, serial_shops, nicolae_shop_stone,
          nicolae_hepliaklqana_hippocampus
D:13:     lemuel_slime, layout_basic, hangedman_vaults_entry_quadrant_bands,
          uniq_rupert, uniq_frances
D:14:     kennysheep_blocky_room, layout_basic,
          minmay_fractal_squares_gapless_7, uniq_nessos
D:15:     grunt_enter_depths_snipers, layout_basic, minmay_misc_feat_pillars,
          okawaru_altar_gauntlet_db, uniq_kirke
Lair:1:   beast_lair_carwin_large_2, layout_cave_pods, lemuel_fruit_tree,
          grunt_megastairs_2, serial_bayou_shore_a, uniq_maggie
Lair:2:   layout_gridlike, serial_bayou_shore_b, grunt_megastairs_5
Lair:3:   layout_roguey [special_room_bee], skrybe_swamp_entry_bodies,
          spider_nest_entry_funnel_web, chequers_serial_rivers_large_b
Lair:4:   layout_long_grid, slime_entry_1, nicolae_volcano_entry_hallway,
          beast_lair_carwin_10
Lair:5:   evilmike_catoblepas_cave, layout_gridlike
Orc:1:    layout_caves, roderic_batcave, hangedman_minor_magic
Orc:2:    kennysheep_orc_mage_school, layout_diamond_mine,
          nicolae_orc_damp_corner

Skill      XL: |  1  2  3  4  5  6  7  8  9 10 11 12 13 14 15 16 |
---------------+-------------------------------------------------+-----
Short Blades   | 1 |  1.8
Ranged Weapons | 1 |  1.1
Stealth        | 4 5 6 7 |  7.0
Fighting       | 1 2 3 4 7 9 11 12 13 14 16 17 | 17.6
Maces & Flails | 4 7 9 11 13 15 | 15.6
Armour         | 4 7 9 11 | 11.0
Axes           | 4 5 |  5.2
Dodging        | 4 8 10 | 10.4
Shields        | 7 9 |  9.7
Evocations     | 1 5 |  5.4
Spellcasting   | |  2.0
Hexes          | |  2.6

Action                     |  1- 3 |  4- 6 |  7- 9 | 10-12 | 13-15 | 16-18 || total
---------------------------+-------+-------+-------+-------+-------+-------++-------
  Melee: Dagger            |    10 |   201 |   345 |       |       |       ||   556
         Punch             |       |       |     7 |    10 |    14 |       ||    31
         Flail             |       |       |   131 |   366 |       |       ||   497
         War axe           |       |       |       |   131 |       |       ||   131
         Eveningstar       |       |       |       |   234 |  1320 |   438 ||  1992
   Fire: Arbalest          |    82 |     6 |    26 |     4 |       |       ||   118
 Invoke: Berserk           |       |     1 |     9 |     8 |     6 |     2 ||    26
         Trog's Hand       |       |       |       |     5 |     6 |     2 ||    13
         Brothers in Arms  |       |       |       |       |     2 |       ||     2
  Evoke: Wand              |       |       |       |     4 |     5 |       ||     9
         Phial of floods   |       |       |       |       |     1 |       ||     1
         Tin of tremorston |       |       |       |       |     1 |     2 ||     3
    Use: Scroll            |     4 |     1 |    10 |     7 |    16 |     5 ||    43
         Potion            |       |       |       |     5 |       |       ||     5
   Stab: Sleeping          |     2 |     8 |    11 |     1 |     1 |     5 ||    28
         Distracted        |       |     1 |       |       |       |       ||     1
         Invisible         |       |       |       |     6 |       |       ||     6
 Armour: Robe              |     5 |       |       |       |       |       ||     5
         Leather armour    |    24 |    94 |   288 |    61 |       |       ||   467
         Crystal plate arm |       |       |       |   797 |  1071 |       ||  1868
         Scale mail        |       |       |       |       |   188 |   242 ||   430
  Dodge: Dodged            |    44 |   101 |   366 |   331 |   451 |   203 ||  1496
  Block: Kite shield       |       |       |       |       |   177 |   190 ||   367

Table legend: (Time is in decaauts)
 A = Elapsed time spent in this place.
 B = Non-inter-level travel time spent in this place.
 C = Inter-level travel time spent in this place.
 D = Time resting spent in this place.
 E = Time spent auto-exploring this place.
 F = Levels seen in this place.
 G = Mean time per level.
                   A        B        C        D        E       F      G
               +--------+--------+--------+--------+--------+-----+--------+
         Total |  29608 |  28284 |   1324 |   2896 |  19212 |  26 | 1138.8 |
       Dungeon |  17905 |  17048 |    857 |   2052 |  11398 |  15 | 1193.7 |
          Lair |   7809 |   7370 |    439 |    333 |   5601 |   5 | 1561.8 |
  Orcish Mines |    926 |    899 |     27 |     91 |    574 |   2 |  463.0 |
         Sewer |    415 |    415 |      0 |      0 |    235 |   1 |  415.0 |
       Ossuary |    498 |    498 |      0 |     32 |    250 |   1 |  498.0 |
        Bailey |    707 |    707 |      0 |     91 |    336 |   1 |  707.0 |
       Volcano |   1346 |   1346 |      0 |    296 |    816 |   1 | 1346.0 |
               +--------+--------+--------+--------+--------+-----+--------+

Top non-repeatable levels by time:
  Lair:5: 2367 daAuts
    D:13: 2176 daAuts
    D:10: 2003 daAuts
    D:14: 1971 daAuts
  Lair:1: 1556 daAuts
     D:8: 1503 daAuts
  Lair:4: 1393 daAuts
 Volcano: 1346 daAuts
  Lair:3: 1298 daAuts
  Lair:2: 1192 daAuts
     D:9: 1179 daAuts
     D:5: 1121 daAuts
     D:6: 1102 daAuts
     D:7: 1073 daAuts
    D:15: 1057 daAuts
